 Dungeon Crawl Stone Soup version 0.26.0-15-gc6cd9f7 (webtiles) character file.

Game seed: 5623566106899848739

26016 brinewave the Carver (level 12, -1/177 HPs)
             Began as a Minotaur Monk on Jan 24, 2021.
             Was a High Priest of Trog.
             Slain by a wolf spider (9 damage)
             ... on level 4 of the Lair of Beasts.
             The game lasted 01:13:58 (16538 turns).

brinewave the Carver (Minotaur Monk)               Turns: 16538, Time: 01:13:59

Health: -1/177     AC: 17    Str: 22    XL:     12   Next: 94%
Magic:  11/11      EV: 10    Int:  7    God:    Trog [*****.]
Gold:   1115       SH:  5    Dex: 18    Spells: 11/11 levels left

rFire    + . .     SeeInvis .   i - +4 scimitar (freeze)
rCold    + + .     Faith    .   (no shield)
rNeg     . . .     Spirit   .   t - +3 chain mail {rC+}
rPois    .         Reflect  +   (helmet restricted)
rElec    .         Harm     .   I - scarf {rC+ rF+}
rCorr    .         Rampage  .   u - +0 pair of gloves
Will     .....                  (no boots)
Stlth    ..........             o - amulet of reflection
HPRegen  0.39/turn              V - +6 ring of strength
MPRegen  0.12/turn              (no ring)

@: berserking, lethally poisoned (-1 -> -16), very quick
A: retaliatory headbutt, horns 2
a: Renounce Religion, Berserk, Trog's Hand, Brothers in Arms


You were on level 4 of the Lair of Beasts.
You worshipped Trog.
Trog was extremely pleased with you.
You visited 4 branches of the dungeon, and saw 16 of its levels.
You also visited: Ossuary.

You collected 1301 gold pieces.
You spent 186 gold pieces at shops.

Inventory:

Hand Weapons
 i - a +4 scimitar of freezing (weapon)
 E - a +0 hand crossbow
 L - a +4 great sword
 M - a +3 antimagic scimitar
Missiles
 b - 6 silver javelins
 h - 65 bolts
 k - 247 arrows
 y - 51 poisoned darts (quivered)
 P - 2 boomerangs
Armour
 f - a +1 leather armour
 t - a +3 chain mail of cold resistance (worn)
 u - a +0 pair of gloves (worn)
 w - a +2 robe of positive energy
 D - a +2 leather armour of fire resistance
 H - the +2 leather armour of Zidujein {rC+}
   (You found it on level 4 of the Lair of Beasts)

   It protects you from cold.
 I - a scarf of resistance (worn)
 Y - +0 steam dragon scales
 Z - a +0 scale mail of fire resistance
Jewellery
 a - a +6 ring of intelligence
 o - an amulet of reflection (around neck)
 V - a +6 ring of strength (left hand)
Wands
 j - a wand of paralysis (8)
 F - a wand of flame (19)
 G - a wand of polymorph (9)
 J - a wand of random effects (31)
 K - a wand of acid (12)
 N - a wand of iceblast (13)
Scrolls
 d - 3 scrolls of teleportation
 e - 10 scrolls of remove curse
 m - 2 scrolls of identify
 p - 5 scrolls of blinking
 v - a scroll of enchant armour
 A - a scroll of magic mapping
 O - 2 scrolls of fog
 Q - a scroll of summoning {unknown}
 S - a scroll of enchant weapon
Potions
 c - 10 potions of curing
 g - 4 potions of haste
 l - 3 potions of degeneration
 n - a potion of magic
 q - a potion of might
 r - 3 potions of heal wounds
 s - 2 potions of flight
 x - 2 potions of resistance
 z - 2 potions of ambrosia
 B - 5 potions of brilliance
 C - 7 potions of lignification
 R - a potion of mutation
 T - a potion of berserk rage
 W - 4 potions of invisibility


   Skills:
 + Level 14.6 Fighting
 + Level 14.6 Long Blades
 + Level 8.4 Crossbows
 + Level 12.8 Armour
 - Level 3.2 Dodging
 - Level 1.5 Stealth


You had 11 spell levels left.
You didn't know any spells.
Your spell library was empty.

Dungeon Overview and Level Annotations

Branches:
Dungeon (10/15)            Temple (1/1) D:4            Lair (4/6) D:10
  Swamp (0/4) Lair:4       Spider (1/4) Lair:4      Ossuary (visited)
    Orc: D:9-12

Altars:
Ashenzari
Cheibriados
Dithmenos
Elyvilon
Fedhas
Gozag
Hepliaklqana
Kikubaaqudgha
Makhleb
Nemelex Xobeh
Okawaru
Qazlal
Ru
Trog
Uskayaw
Vehumet
Wu Jian
Xom
Yredelemnul
Zin
The Shining One

Shops:
D:4 ?

Annotations:
D:7 3 runed translucent doors, FromWork's ghost, novice DEBe; Maggie
D:8 exclusion: 3 oklob plants


Innate Abilities, Weirdness & Mutations

You reflexively headbutt those who attack you in melee.
You have a pair of horns on your head.


Message History

The wolf spider is moderately wounded.
* * * LOW HITPOINT WARNING * * *
You feel sick. The wolf spider barely misses you. x2
You slash the wolf spider! You freeze the wolf spider.
Your headbutt misses the wolf spider.
The wolf spider is severely wounded.
* * * LOW HITPOINT WARNING * * *
You feel sick.
The wolf spider hits you but does no damage.
The wolf spider misses you.
You barely miss the wolf spider.
The wolf spider is severely wounded.
* * * LOW HITPOINT WARNING * * *
You feel sick.
Unknown command.
You closely miss the wolf spider.
The wolf spider is severely wounded.
* * * LOW HITPOINT WARNING * * *
You feel sick. The wolf spider hits you!
You die...

... ...######.#....... .
.....................
... ..##................
.... #.....###........##
..... #.#...##........##
#....#.....#..........#
##.......>.......#.....#
#.....##s...†..†††....#.
. #.@#...#...##....##
......###..#.#..##.....#
.#... #...##...##....P#
#... .........###....##
##. .................# #
..................
.....P.............
#P##P.#P.


You could see a wolf spider.

Vanquished Creatures
  Gastronok (D:8)
  Josephine (D:10)
  Harold (D:6)
  3 hydras
  A lindwurm (Lair:3)
  A wolf spider (Lair:4)
  2 black mambas
  An elephant (Lair:4)
  9 cane toads
  A torpor snail (Lair:4)
  A centaur skeleton (D:10)
  4 komodo dragons
  A demonic crawler (Lair:4)
  2 rime drakes
  2 trolls (D:10)
  A polar bear (Lair:4)
  Prince Ribbit (D:6)
  5 wraiths
  Sigmund (D:6)
  Eustachio (D:4)
  A wyvern (Lair:1)
  2 basilisks
  36 yaks
  A steam dragon (D:9)
  Grum (D:9)
  7 water moccasins
  3 orc warriors
  A sky beast (D:5)
  A hornet zombie (D:10)
  A black bear (D:7)
  3 phantoms
  An ice beast (D:4)
  7 ogres
  11 wolves
  3 centaurs
  15 bullfrogs
  2 scorpions
  3 jellies
  5 howler monkeys
  17 wights
  An electric eel (Spider:1)
  A bullfrog zombie (D:8)
  2 quasits
  3 orc priests
  A gnoll shaman (D:4)
  7 hounds
  3 bullfrog skeletons
  An iguana (D:6)
  7 orc wizards
  7 worker ants
  A hound zombie (D:6)
  A hound skeleton (D:7)
  4 mummies
  A worker ant zombie (D:9)
  2 howler monkey skeletons (D:6)
  7 gnolls
  9 adders
  2 shadow imps
  4 white imps
  An ufetubus (D:10)
  9 worms
  A dart slug (D:2)
  3 leopard geckos
  31 orcs
  5 ball pythons
  6 giant cockroaches
  A gnoll zombie (Ossuary)
  8 hobgoblins
  10 jackals
  5 kobolds
  9 quokkas
  A ball python zombie (D:6)
  8 bats
  4 frilled lizards
  5 goblins
  2 goblin zombies (Ossuary)
  4 hobgoblin zombies (Ossuary)
  2 kobold zombies
  An orc zombie (D:8)
  A quokka skeleton (D:4)
  5 rats
347 creatures vanquished.

Vanquished Creatures (others)
  3 fungi
  10 plants
  4 toadstools (D:9)
17 creatures vanquished.

Grand Total: 364 creatures vanquished

Notes
Turn   | Place    | Note
-------+----------+-------------------------------------------
     0 | D:1      | brinewave the Minotaur Monk began the quest for the Orb.
     0 | D:1      | Reached XP level 1. HP: 19/19 MP: 0/0
   989 | D:2      | Reached XP level 2. HP: 27/27 MP: 1/1
  1097 | D:2      | Reached XP level 3. HP: 19/34 MP: 2/2
  1700 | D:2      | Reached XP level 4. HP: 39/41 MP: 3/3
  1961 | D:2      | Reached skill level 5 in Fighting
  2131 | D:3      | Reached skill level 5 in Long Blades
  2165 | D:3      | Found a sparkling altar of Nemelex Xobeh.
  2279 | D:3      | Found a white marble altar of Elyvilon.
  2751 | D:4      | Found a staircase to the Ecumenical Temple.
  2800 | D:4      | Noticed a phantom
  2829 | Temple   | Entered the Ecumenical Temple
  3082 | Temple   | Became a worshipper of Trog the Wrathful
  3082 | Temple   | Reached * piety under Trog
  3082 | Temple   | Reached ** piety under Trog
  3263 | D:4      | Killed a phantom
  3264 | D:4      | Reached XP level 5. HP: 50/50 MP: 4/4
  3267 | D:4      | Found Xotoplu's Magic Scroll Shoppe.
  3283 | D:4      | Bought a scroll of blinking for 90 gold pieces
  3283 | D:4      | Bought a scroll of fear for 42 gold pieces
  3283 | D:4      | Bought a scroll of noise for 12 gold pieces
  3283 | D:4      | Bought a scroll of immolation for 42 gold pieces
  3438 | D:4      | Noticed an ogre
  3446 | D:4      | Killed an ogre
  3447 | D:4      | Reached XP level 6. HP: 58/58 MP: 5/5
  3608 | D:4      | Noticed an ice beast
  3615 | D:4      | Killed an ice beast
  3724 | D:4      | Found a shadowy altar of Dithmenos.
  3912 | D:4      | Found a burning altar of Makhleb.
  3912 | D:4      | Noticed a balrug
  3925 | D:4      | Noticed Eustachio
  3943 | D:4      | Killed Eustachio
  3944 | D:4      | Reached XP level 7. HP: 66/66 MP: 6/6
  4240 | D:5      | Entered Level 5 of the Dungeon
  4434 | D:5      | Reached skill level 1 in Armour
  5129 | D:5      | Found a glowing silver altar of Zin.
  5156 | D:5      | Found a basalt altar of Yredelemnul.
  5225 | D:6      | Reached XP level 8. HP: 75/75 MP: 7/7
  5264 | D:6      | Noticed Prince Ribbit
  5273 | D:6      | Killed Prince Ribbit
  5531 | D:6      | Reached *** piety under Trog
  5577 | D:6      | Noticed Sigmund
  5593 | D:6      | Killed Sigmund
  6217 | D:7      | Noticed Harold
  6223 | D:7      | Noticed Maggie
  6421 | D:7      | Reached skill level 5 in Armour
  6469 | D:6      | Killed Harold
  6470 | D:6      | Reached skill level 10 in Fighting
  6470 | D:6      | Reached skill level 10 in Long Blades
  6470 | D:6      | Reached XP level 9. HP: 70/85 MP: 8/8
  6731 | D:7      | Found a runed translucent gate.
  6732 | D:7      | Found a runed translucent gate.
  6732 | D:7      | Found a runed translucent gate.
  6733 | D:7      | Found an opulent altar of Gozag.
  6736 | D:7      | Noticed FromWork's ghost (novice DEBe)
  6877 | D:8      | Found a sand-covered staircase.
  6884 | Ossuary  | Entered an ossuary
  7574 | D:8      | Noticed an oklob plant
  7574 | D:8      | Noticed Gastronok
  7612 | D:8      | Killed Gastronok
  7612 | D:8      | Reached **** piety under Trog
  7613 | D:8      | Reached XP level 10. HP: 48/96 MP: 9/9
  7852 | D:8      | Noticed an oklob plant
  8289 | D:8      | Noticed an oklob plant
  8568 | D:9      | Noticed Grum
  9113 | D:9      | Found a snail-covered altar of Cheibriados.
  9652 | D:9      | Killed Grum
 10042 | D:10     | Entered Level 10 of the Dungeon
 10076 | D:10     | Reached skill level 1 in Crossbows
 10084 | D:10     | Noticed Josephine
 10094 | D:10     | Reached ***** piety under Trog
 10370 | D:10     | Found a staircase to the Lair.
 10428 | D:10     | Killed Josephine
 10429 | D:10     | Reached skill level 10 in Armour
 10436 | D:10     | Reached XP level 11. HP: 70/105 MP: 10/10
 11586 | Lair:1   | Entered Level 1 of the Lair of Beasts
 11592 | Lair:1   | Received a gift from Trog
 12343 | Lair:1   | Noticed a six-headed hydra
 12616 | Lair:1   | Reached skill level 5 in Crossbows
 12837 | Lair:1   | Killed a 14-headed hydra
 13644 | Lair:2   | Reached XP level 12. HP: 115/115 MP: 11/11
 14001 | Lair:2   | Noticed a four-headed hydra
 14082 | Lair:2   | Killed a four-headed hydra
 14472 | Lair:3   | Noticed an eight-headed hydra
 14489 | Lair:3   | Killed a 12-headed hydra
 16123 | Lair:4   | Found a staircase to the Swamp.
 16152 | Lair:4   | Got a faintly humming leather armour
 16163 | Lair:4   | Identified the +2 leather armour of Zidujein {rC+} (You
                  | found it on level 4 of the Lair of Beasts)
 16322 | Lair:4   | Found a hole to the Spider Nest.
 16514 | Spider:1 | Entered Level 1 of the Spider Nest
 16534 | Lair:4   | Received a gift from Trog
 16538 | Lair:4   | HP: 8/177 [poisoned by a wolf spider]
 16538 | Lair:4   | Slain by a wolf spider

Illustrated notes

Levels and vault maps discovered:
D:1:      minmay_arrival_wavy_path, layout_basic
D:2:      minmay_door_path, layout_loops_ring, minivault_26
D:3:      layout_basic, general_overflow_altar, overflow_temple_1_default
D:4:      layout_loops_corners, grunt_dithmenos_smoke,
          minmay_temple_entry_purple_smoke, serial_shops,
          nicolae_shop_statue_plus, makhleb_altar_promises_db, uniq_eustachio
D:5:      layout_cave_pools, zin_scriptorium, marbit_many_paths
D:6:      layout_basic, uniq_sigmund, uniq_prince_ribbit1
D:7:      layout_rooms, kennysheep_mini_moat, ebering_ghost_gozag, uniq_harold,
          uniq_maggie
D:8:      layout_basic, nicolae_ossuary_entry_giza, disabler_island,
          uniq_gastronok
D:9:      layout_roguey, kennysheep_little_box, minmay_gold_behind_fungi,
          minmay_chambers_of_fives, uniq_grum
D:10:     layout_rooms, dpeg_oklobed_lair,
          hangedman_abyss_or_decor_jellyfish_corner, uniq_josephine
Temple:   regret_index_temple_generic_petals
Lair:1:   layout_cellular_growth, grunt_megastairs_5, serial_bayou_shore_a,
          infiniplex_staircase_pool
Lair:2:   layout_cave_pods
Lair:3:   layout_concentric_octagons, minmay_lindwurm_lava
Lair:4:   layout_regular_city, skrybe_swamp_entry_bodies,
          nicolae_spider_entry_non_spiders
Spider:1: layout_spider_delve, guppyfry_spider_mini_2

Skill      XL: |  1  2  3  4  5  6  7  8  9 10 11 12 |
---------------+-------------------------------------+-----
Fighting       | 4 5 6 7 8 10 11 12 13 14 | 14.6
Long Blades    | 4 5 6 7 8 10 11 12 13 14 | 14.6
Armour         | 2 6 8 10 11 12 | 12.8
Crossbows      | 2 6 8 |  8.4
Dodging        | |  3.2
Stealth        | |  1.5

Action                   |  1- 3 |  4- 6 |  7- 9 | 10-12 || total
-------------------------+-------+-------+-------+-------++-------
Melee: Falchion          |    81 |   132 |   296 |   168 ||   677
       Headbutt          |    14 |    19 |    76 |   171 ||   280
       Great sword       |       |       |       |    71 ||    71
       Scimitar          |       |       |       |   363 ||   363
 Fire: Hand crossbow     |       |       |       |    42 ||    42
Throw: Dart              |       |       |     7 |     3 ||    10
Invok: Berserk           |       |     4 |     4 |     9 ||    17
Evoke: Wand              |       |       |       |     1 ||     1
  Use: Scroll            |     2 |    10 |     6 |    13 ||    31
       Potion            |       |       |     1 |     2 ||     3
 Stab: Sleeping          |     4 |     2 |     6 |     4 ||    16
       Distracted        |       |       |     1 |     2 ||     3
Armor: Leather armour    |    15 |    15 |    52 |     3 ||    85
       Steam dragon scal |       |       |       |    81 ||    81
       Chain mail        |       |       |       |    23 ||    23
Dodge: Dodged            |    50 |    67 |   126 |   226 ||   469
Block: Other             |       |    31 |    45 |    82 ||   158
       Reflection        |       |     2 |     1 |       ||     3
       Rpst.: Falchion   |    12 |    13 |    27 |    22 ||    74
       Great sword       |       |       |       |     7 ||     7
       Scimitar          |       |       |       |    26 ||    26
